[Event "*** SCC Grand Prix: Titled Tuesday Blitz"]
[Site "Chess.com"]
[Date "2020.07.21"]
[Round "4"]
[White "Oglob71"]
[Black "VitaliyBernadskiy"]
[Result "0-1"]
[WhiteElo "2513"]
[BlackElo "2732"]
[TimeControl "180+1"]
[EndTime "10:39:00 PDT"]
[Termination "VitaliyBernadskiy won by resignation"]

1. d4 Nf6 2. Nf3 h6 3. c4 d6 4. Nc3 Bf5 5. g3 Nbd7 6. Bg2 e5 7. O-O c6 8. b3 Be7 9. Bb2 e4 10. Nd2 d5 11. a4 O-O 12. e3 Bb4 13. Na2 Bd6 14.
Nc3 a6 15. Ba3 Bxa3 16. Rxa3 Qe7 17. Ra2 Bg4 18. Qc2 Rac8 19. Rb1 Qe6 20. b4 Bh3 21.
Bh1 Ng4 22. Qd1 Qf5 23. Qe2 h5 24. Rc2 h4 25. Nf1 hxg3 26. fxg3 Ndf6 27. Nd1 dxc4 28. Rxc4 Nd5 29. Rbc1 Bxf1 30. Qxf1 Qxf1+ 31. Kxf1 Ndxe3+ 32. Kg1 Nxc4 33. Rxc4 e3 34. Bf3 Rfe8 35. Rc2 Nf6 36.
Nc3 Rcd8 37. Ne2 Ne4 38. Kg2 Nd2 39. Rc3 Nxf3 40. Kxf3 g6 41. h4 Rd6 42. Rxe3 Rxe3+ 43. Kxe3 a5 44. bxa5 Rd5 45. a6 bxa6 46. Ke4 f5+ 47. Ke3 c5 48. dxc5 Rxc5 49. Kd4 Rc2 50. Nf4 Kf7 51.
Nd5 Rg2 52. Nc7 Rxg3 53. Kc5 Rg4 54. a5 f4 55. Nd5 f3 56. Ne3 Re4 0-1

[Event "*** SCC Grand Prix: Titled Tuesday Blitz"]
[Site "Chess.com"]
[Date "2020.07.21"]
[Round "4"]
[White "Pavel_Mir"]
[Black "nocnypako"]
[Result "0-1"]
[WhiteElo "2338"]
[BlackElo "2582"]
[TimeControl "180+1"]
[EndTime "10:39:00 PDT"]
[Termination "nocnypako won by resignation"]

1. e4 c5 2. Nf3 d6 3. d4 cxd4 4. Nxd4 Nf6 5. Nc3 a6 6. f4 e5 7. Nf3 Nbd7 8. Bc4 Qa5 9. Qe2 Be7 10. O-O O-O 11. Kh1 b5 12. Bd5 Rb8 13. Bd2 Qc7 14. Bb3 Nb6 15. Nh4 b4 16. Na4 Nxa4 17. Bxa4 Bb7 18. fxe5 dxe5 19. Nf5 Nxe4 20. Qg4 g6 21. Bh6 Rfd8 22. Bb3 Bf6 23. Rae1 Kh8 24. Ng3 Nxg3+ 25. Qxg3 Qe7 26. Rxf6 Qxf6 27. Bg5 Qg7 28. Qh4 Rd6 29. Rf1 f5 30. Bh6 Qd7 31. Bg5 Re8 32. Bf6+ Rxf6 33.
Qxf6+ Qg7 34. Qb6 e4 35. Qxb4 e3 36. h3 e2 37. Re1 Qe5 38. Bc4 Qg3 39. Qc3+ Qxc3 40.
bxc3 Re3 41. Rxe2 Rxh3+ 42. Kg1 Rxc3 43. Bb3 Be4 44. Rd2 h5 45. a4 h4 46. a5 g5 47.
Kh2 g4 48. Rd8+ Kg7 49. Rd7+ Kf6 50. Rd6+ Kg5 51. Rd2 h3 52. gxh3 Rxh3+ 53. Kg1 g3 0-1

[Event "*** SCC Grand Prix: Titled Tuesday Blitz"]
[Site "Chess.com"]
[Date "2020.07.21"]
[Round "4"]
[White "MFguimaraes"]
[Black "TioCridineno"]
[Result "1-0"]
[WhiteElo "2407"]
[BlackElo "2177"]
[TimeControl "180+1"]
[EndTime "10:39:00 PDT"]
[Termination "MFguimaraes won by resignation"]

1. e4 c5 2. Nf3 d6 3. Bb5+ Bd7 4. a4 Nf6 5. Nc3 g6 6. O-O Bg7 7. Re1 O-O 8. d3 Nc6 9. h3 a6 10. Bc4 Rb8 11. Bf4 e5 12. Bg5 Ne7 13. a5 Be6 14. Nd5 Nfxd5 15. exd5 Bd7 16. c3 h6 17. Bd2 f5 18. Qc2 Rc8 19. Re2 Be8 20. Qb3 Qc7 21. Nxe5 Kh7 22. Nf3 Bf7 23. Rae1 Ng8 24.
Qa2 Rfe8 25. Rxe8 Rxe8 26. Rxe8 Bxe8 27. b4 cxb4 28. cxb4 Bf7 29. Kf1 Nf6 30. Qb3 Nd7 31. Bc3 Qd8 32. Bxg7 Kxg7 33. Qc3+ Qf6 34. Qxf6+ Kxf6 35. Nd4 Ke5 36. Ne2 Bxd5 37. f4+ Ke6 38. Nd4+ Kf6 39. Bxd5 b6 40. Bb7 bxa5 41. bxa5 Nc5 42. Bc8 Nxd3 43. Bxa6 Nxf4 44. Bd3 Nxd3 45. a6 Ke5 46. a7 Kxd4 47. a8=Q Nc5 48. Qh8+ Ke4 49. Qxh6 1-0

[Event "*** SCC Grand Prix: Titled Tuesday Blitz"]
[Site "Chess.com"]
[Date "2020.07.21"]
[Round "4"]
[White "ENEASZ"]
[Black "ikhasu"]
[Result "1-0"]
[WhiteElo "2601"]
[BlackElo "2383"]
[TimeControl "180+1"]
[EndTime "10:39:01 PDT"]
[Termination "ENEASZ won on time"]

1. e4 e5 2. Nf3 Nf6 3. Nxe5 d6 4. Nf3 Nxe4 5. d4 d5 6. Bd3 Bd6 7. O-O O-O 8. Re1 c6 9. Bxe4 dxe4 10. Rxe4 Bf5 11. Re1 Qf6 12. Bg5 Qg6 13. c3 Bg4 14. Nbd2 Nd7 15. Be7 Bxe7 16. Rxe7 Be6 17. Rxd7 Bxd7 18.
Ne5 Qf5 19. Ndc4 Be6 20. Nd6 Qg5 21. Qf1 Qe7 22. Ne4 Bd5 23. Nc5 f6 24. Ng4 b6 25.
Nd3 Bc4 26. Ne3 Bxd3 27. Qxd3 Rfe8 28. Rd1 Qf7 29. h3 Qxa2 30. d5 cxd5 31. Nxd5 Rac8 32. Qg3 Kh8 33. Rd4 Qb1+ 34. Kh2 Re1 35. Qd6 Rh1+ 36. Kg3 Qg6+ 37. Rg4 Qd3+ 38. f3 Rg8 39. Qe6 Rd1 40. Nxf6 Rf8 41. Ne4 Qd7 42. Qe5 Rd5 43. Rxg7 1-0

[Event "*** SCC Grand Prix: Titled Tuesday Blitz"]
[Site "Chess.com"]
[Date "2020.07.21"]
[Round "4"]
[White "Azoulas1"]
[Black "Sacbutt"]
[Result "0-1"]
[WhiteElo "2022"]
[BlackElo "2267"]
[TimeControl "180+1"]
[EndTime "10:39:01 PDT"]
[Termination "Sacbutt won on time"]

1. e4 d5 2. exd5 Qxd5 3. Nc3 Qd6 4. d4 Nf6 5. Nf3 c6 6. g3 Bg4 7. Bg2 e6 8. O-O Be7 9. Bf4 Qb4 10. Qd2 O-O 11.
a3 Qa5 12. Ne5 Bf5 13. Rad1 Qb6 14. b4 a5 15. Na4 Qd8 16. Nc5 axb4 17. axb4 b6 18. Nb3 Ra4 19. c3 Nd5 20. Ra1 Rxa1 21. Rxa1 f6 22. Nd3 Bxd3 23. Qxd3 Nxf4 24. gxf4 Qc7 25.
f5 exf5 26. Qxf5 Bd6 27. h3 g6 28. Qe6+ Kg7 29. Nd2 Rf7 30. Ne4 Bh2+ 31. Kh1 Bf4 32.
b5 cxb5 33. d5 Nd7 34. d6 Qc4 35. Qxc4 bxc4 36. Ra7 f5 37. Ng3 Bxd6 38. Bd5 Re7 39. Bxc4 Ne5 40. Rxe7+ Bxe7 41. Be2 Bc5 42. Kg2 Kf6 43.
Nf1 g5 44. Nd2 h6 45. Nf3 Ng6 46. Nd2 Nf4+ 47. Kf1 Nxh3 0-1

[Event "*** SCC Grand Prix: Titled Tuesday Blitz"]
[Site "Chess.com"]
[Date "2020.07.21"]
[Round "4"]
[White "Efremov_Vlad"]
[Black "SCIM"]
[Result "1/2-1/2"]
[WhiteElo "2194"]
[BlackElo "2565"]
[TimeControl "180+1"]
[EndTime "10:39:03 PDT"]
[Termination "Game drawn - insufficient material"]

1. d4 Nf6 2. c4 g6 3. Nf3 Bg7 4. g3 O-O 5. Bg2 d5 6. cxd5 Nxd5 7. Nc3 Nb6 8. O-O Nc6 9. e3 Re8 10. a3 a5 11. Rb1 a4 12. d5 Bxc3 13. dxc6 Bg7 14. Nd4 bxc6 15. Bxc6 Bh3 16. Re1 e5 17. Nb5 Qxd1 18. Rxd1 Red8 19. Bd2 Rab8 20. Bc3 Bg4 21. f3 Bh3 22. Kf2 Nc4 23. Rxd8+ Rxd8 24. Ke2 Bf5 25. Rd1 Rxd1 26. Kxd1 Nxe3+ 27. Ke2 Nc4 28. Nxc7 e4 29.
fxe4 Bg4+ 30. Kd3 Nxb2+ 31. Bxb2 Bxb2 32. Bxa4 Bxa3 33. Nd5 Kg7 34. Bb3 h5 35. Ke3 Bc5+ 36. Kf4 f6 37. e5 g5+ 38. Ke4 f5+ 39. Kd3 Bg1 40. e6 f4 41. gxf4 Bxe6 42. fxg5 Bxh2 43. Ke4 h4 44. Bd1 Bg3 45. Nf4 Bc8 46. Nh5+ Kg6 47.
Nxg3 hxg3 48. Kf3 Kxg5 49. Kxg3 1/2-1/2

[Event "*** SCC Grand Prix: Titled Tuesday Blitz"]
[Site "Chess.com"]
[Date "2020.07.21"]
[Round "4"]
[White "GMJustin"]
[Black "bazar-wokzal"]
[Result "1-0"]
[WhiteElo "2304"]
[BlackElo "2437"]
[TimeControl "180+1"]
[EndTime "10:39:04 PDT"]
[Termination "GMJustin won by resignation"]

1. d4 Nf6 2. c4 Nc6 3. Nc3 e5 4. d5 Ne7 5. a3 Ng6 6. h4 Bc5 7. h5 Ne7 8. h6 gxh6 9. Bxh6 Ng4 10. Ne4 Bd4 11. e3 f5 12. exd4 d6 13. Bg7 Rg8 14.
Nf6+ Kf7 15. Nxg8 Qxg8 16. dxe5 Qxg7 17. e6+ Kg8 18. Qd2 c6 19. O-O-O b5 20. f3 Ne5 21.
dxc6 Bxe6 22. cxb5 Nd5 23. Qh6 Qg6 24. Qxg6+ hxg6 25. Nh3 Ne3 26. Re1 Nxf1 27. Rexf1 Bc4 28. Rd1 Bxb5 29. Rxd6 Bxc6 30. Ng5 Rc8 31. Kb1 Nc4 32. Rxg6+ Kf8 33. Rh8+ Ke7 34. Rxc8 Nd2+ 35. Kc2 Bd7 36.
Kxd2 Bxc8 37. f4 a5 38. Rg7+ Kf6 39. Rf7+ Kg6 40. Rc7 Ba6 41. Rc6+ Kh5 42. Rxa6 a4 43. Ke3 Kg4 44. g3 Kxg3 45. Rxa4 Kg4 46. Ra5 Kg3 47.
Rxf5 Kg4 48. Ke4 Kg3 49. Nf3 1-0

[Event "*** SCC Grand Prix: Titled Tuesday Blitz"]
[Site "Chess.com"]
[Date "2020.07.21"]
[Round "4"]
[White "Sibelephant"]
[Black "Igor_Lysyj"]
[Result "0-1"]
[WhiteElo "3095"]
[BlackElo "2821"]
[TimeControl "180+1"]
[EndTime "10:39:05 PDT"]
[Termination "Igor_Lysyj won on time"]

1. c4 e6 2. g3 d5 3. Bg2 Nf6 4. Nf3 Be7 5. O-O O-O 6. cxd5 exd5 7. b3 a5 8. a3 Na6 9. Bb2 Nc5 10. d3 a4 11. b4 Nb3 12. Ra2 d4 13. Nbd2 Be6 14.
Ba1 c5 15. bxc5 Bxc5 16. Qb1 Bd5 17. Bh3 Re8 18. Nxb3 axb3 19. Rd2 Qa5 20. Rfd1 Bxf3 21. exf3 Re1+ 22. Rxe1 Qxd2 23. Re5 Bxa3 24. Bxd4 b2 25. Kg2 h6 26. Rb5 Qc1 27. Qa2 Rf8 28. Rxb7 Bc5 29. Qxb2 Qxb2 30. Bxb2 Rd8 31. Bf5 Kf8 32. Be5 Bd4 33. f4 Ne8 34. Be4 Nf6 35. Bc6 Kg8 36.
h3 Bxe5 37. fxe5 Nh7 38. Rd7 Rc8 0-1

[Event "*** SCC Grand Prix: Titled Tuesday Blitz"]
[Site "Chess.com"]
[Date "2020.07.21"]
[Round "4"]
[White "csati17"]
[Black "PavelChernomordik"]
[Result "1-0"]
[WhiteElo "2620"]
[BlackElo "2344"]
[TimeControl "180+1"]
[EndTime "10:39:05 PDT"]
[Termination "csati17 won on time"]

1. c4 g6 2. Nc3 Bg7 3. g3 e5 4. Bg2 Nc6 5. e3 d6 6. Nge2 Be6 7. Nd5 Qd7 8. d4 Nd8 9. Qc2 c6 10. Nb4 Bh3 11. Bxh3 Qxh3 12. c5 d5 13. Nd3 f6 14.
b4 Ne7 15. Bb2 Nf7 16. O-O-O O-O 17. a4 Qf5 18. f4 e4 19. Nf2 Qd7 20. Kb1 a5 21.
Qb3 axb4 22. Qxb4 Ra7 23. Nc3 Rfa8 24. g4 Bf8 25. h4 Nc8 26. Qb3 b6 27. Nfxe4 dxe4 28.
Nxe4 Qe7 29. Qc2 bxc5 30. dxc5 Rb7 31. Kc1 Rxb2 32. Kxb2 Qb7+ 33. Kc1 Bg7 34. f5 Ne5 35. g5 Ne7 36. gxf6 Nxf5 37. Nd6 Nxd6 38. Rxd6 Bh6 39. Qc3 Re8 40. Kc2 Nf7 41. Rb1 Qa6 42. Qb3 Qe2+ 43.
Rd2 Qg4 44. Qd3 Bxe3 45. Qxe3 Rxe3 46. Rb7 Nd8 47. Rxd8+ 1-0

[Event "*** SCC Grand Prix: Titled Tuesday Blitz"]
[Site "Chess.com"]
[Date "2020.07.21"]
[Round "4"]
[White "Hikaru"]
[Black "OK97"]
[Result "1-0"]
[WhiteElo "3264"]
[BlackElo "2811"]
[TimeControl "180+1"]
[EndTime "10:39:06 PDT"]
[Termination "Hikaru won on time"]

1. Nf3 d5 2. b3 c5 3. e3 Nf6 4.
Bb2 g6 5. d4 cxd4 6. Nxd4 Bg7 7.
Be2 O-O 8. O-O Re8 9. c4 e5 10. Nf3 e4 11. Nd4 dxc4 12. Bxc4 a6 13. a4 Nbd7 14. Nd2 Ne5 15. Be2 h5 16. h3 Bd7 17.
Nc4 Nxc4 18. Bxc4 Nh7 19. f4 exf3 20. Qxf3 Ng5 21. Bxf7+ Kh7 22. Qxb7 Rxe3 23. Rf2 Rb8 24. Qxa6 Nxh3+ 25. gxh3 Rg3+ 26. Rg2 Rxg2+ 27. Kxg2 Qg5+ 28. Kh1 Bxh3 29. Rg1 Bg4 30. Rg2 Qh4+ 31. Kg1 Qe1+ 32. Qf1 Qxf1+ 33. Kxf1 Bh3 34. Kg1 Bxg2 35. Kxg2 Rd8 36.
a5 Bxd4 37. Bxd4 Rxd4 38. a6 Rd2+ 39. Kh3 Ra2 40. Bc4 Kh6 41. b4 Ra4 42. b5 g5 43.
b6 g4+ 44. Kg3 Ra3+ 45. Kf4 Ra4 46. b7 Rxc4+ 47. Kg3 Rc3+ 48. Kf2 g3+ 49. Kg2 h4 50. b8=Q Rc2+ 51. Kh3 Rh2+ 52. Kg4 1-0

[Event "*** SCC Grand Prix: Titled Tuesday Blitz"]
[Site "Chess.com"]
[Date "2020.07.21"]
[Round "4"]
[White "HElissalt"]
[Black "maxip32"]
[Result "0-1"]
[WhiteElo "2256"]
[BlackElo "2432"]
[TimeControl "180+1"]
[EndTime "10:39:07 PDT"]
[Termination "maxip32 won by resignation"]

1. c4 Nf6 2. Nc3 g6 3. d4 Bg7 4. e4 d6 5. Be2 O-O 6. Be3 Na6 7.
Nf3 e5 8. d5 Ng4 9. Bg5 f6 10.
Bh4 c5 11. Nd2 Nh6 12. g4 Nf7 13. Bg3 Bh6 14. h4 Nc7 15. h5 Bg5 16. hxg6 hxg6 17.
Nf3 Bf4 18. Bxf4 exf4 19. Qd2 g5 20. O-O-O Kg7 21. Rdg1 Rh8 22. e5 Nxe5 23. Nxe5 fxe5 24. Ne4 Rxh1 25. Rxh1 Qe7 26. Rh5 Bd7 27. Rxg5+ Kf7 28. Rh5 Kg7 29. Qe1 Rh8 30. Qh1 Rxh5 31. Qxh5 Be8 32.
Qh3 Bg6 33. Bd3 b5 34. g5 bxc4 35. Qh6+ Kf7 36. Bc2 Nxd5 37. Nxc5 Bxc2 38. Kxc2 dxc5 39. g6+ Kg8 40. Qh1 Nf6 41. Qh6 Qg7 42. Qg5 Qe7 43. Qh6 Qf8 44. Qg5 Kg7 45. Qxe5 Kxg6 46. Qxf4 Qe7 47. Qg3+ Kf7 0-1

[Event "*** SCC Grand Prix: Titled Tuesday Blitz"]
[Site "Chess.com"]
[Date "2020.07.21"]
[Round "4"]
[White "Harsha_Bharathakoti"]
[Black "Indianlad"]
[Result "1/2-1/2"]
[WhiteElo "2764"]
[BlackElo "2971"]
[TimeControl "180+1"]
[EndTime "10:39:08 PDT"]
[Termination "Game drawn by repetition"]

1. d4 d5 2. c4 e6 3. Nf3 a6 4. cxd5 exd5 5. Nc3 Nf6 6. Bg5 Be6 7. e3 Nbd7 8. Bd3 Bd6 9. Bf4 Qe7 10. O-O h6 11. Re1 O-O 12. h3 Rfe8 13. Rc1 Rac8 14. Qb3 c5 15. Bxd6 Qxd6 16. dxc5 Nxc5 17. Qa3 b5 18. Bb1 Qb6 19. Qb4 Nce4 20. Nxe4 dxe4 21. Nd4 Bd7 22. a3 a5 23. Qb3 Rc5 24. Ba2 Rf8 25. Rxc5 Qxc5 26. Qc2 Qg5 27. Kh2 Qh4 28. Qd2 Ng4+ 29.
Kg1 Ne5 30. Bd5 Qg5 31. Bxe4 Nc4 32. Qc2 Bxh3 33. f4 Qg3 34. Qf2 Qxf2+ 35. Kxf2 Bd7 36. Re2 Re8 37. Bd5 Nb6 38. Bb3 Kf8 39. Rc2 Rc8 40. Rxc8+ Nxc8 41. e4 Nb6 42. Ke3 Ke7 43. e5 g6 44. g3 h5 45. Ba2 Na4 46. b4 axb4 47.
axb4 Nb6 48. Bb3 Be8 49. Ke4 Bd7 50. Ke3 Be8 51. Ke4 Bd7 52. Ke3 1/2-1/2

[Event "*** SCC Grand Prix: Titled Tuesday Blitz"]
[Site "Chess.com"]
[Date "2020.07.21"]
[Round "4"]
[White "Biranidun"]
[Black "Makswolf200817"]
[Result "0-1"]
[WhiteElo "2847"]
[BlackElo "2479"]
[TimeControl "180+1"]
[EndTime "10:39:09 PDT"]
[Termination "Makswolf200817 won by resignation"]

1. e4 e6 2. d4 d5 3. Nc3 Bb4 4. e5 c5 5. a3 Bxc3+ 6. bxc3 Qa5 7. Bd2 Qa4 8. Qb1 c4 9. Ne2 f6 10. exf6 Nxf6 11. Ng3 Nc6 12. f4 h5 13. Be2 h4 14.
Nf1 Bd7 15. Bf3 O-O-O 16. Ne3 Rdf8 17. O-O Be8 18. f5 Bd7 19. Qb2 Re8 20. Rab1 b6 21.
Rbe1 Qa5 22. Qc1 exf5 23. a4 g5 24. Qa3 f4 25. Nxc4 dxc4 26. Qd6 Qxa4 27. Qxf6 Qxc2 28. Rd1 Nd8 29. Qxg5 h3 30. Bxf4 hxg2 31. Rf2 Qxc3 32. Qd5 Re1+ 33. Rxe1 Qxe1+ 34. Kxg2 Bh3+ 35. Kg3 Qg1+ 36. Bg2 Bxg2 37. Rxg2 Qd1 38. Qa8+ Kd7 39. Qxa7+ Ke8 40.
Qg7 Qe1+ 41. Rf2 Qg1+ 42. Kf3 Qxg7 43. Re2+ Kf8 44. Be5 Qf7+ 45. Ke3 Rh3+ 46. Kd2 Qf3 47. Bd6+ Kf7 48. Rf2 Qxf2+ 0-1

[Event "*** SCC Grand Prix: Titled Tuesday Blitz"]
[Site "Chess.com"]
[Date "2020.07.21"]
[Round "4"]
[White "kingofthenil"]
[Black "TheCount"]
[Result "1-0"]
[WhiteElo "2437"]
[BlackElo "2648"]
[TimeControl "180+1"]
[EndTime "10:39:09 PDT"]
[Termination "kingofthenil won by resignation"]

1. e4 c5 2. d3 Nc6 3. g3 g6 4. Bg2 Bg7 5. f4 d6 6. Nf3 Nf6 7. O-O O-O 8. Nc3 Bg4 9. h3 Bxf3 10. Qxf3 Nd4 11. Qf2 e5 12. fxe5 dxe5 13. Bg5 Ng4 14. Bxd8 Nxf2 15. Be7 Rfe8 16. Bxc5 Nxc2 17. Kxf2 Nxa1 18.
Rxa1 b6 19. Be3 Rac8 20. a4 Red8 21. Ke2 Bf8 22. Bg5 Rd7 23. Rc1 h6 24. Nd5 Rxc1 25.
Bxc1 Kg7 26. Bd2 Bc5 27. Bc3 Bd4 28. Bxd4 exd4 29. Kd2 Rd8 30. Bf3 h5 31. h4 Kh6 32.
Nb4 Rc8 33. e5 Re8 34. Nc6 g5 35. Bd5 Kg6 36. hxg5 a5 37. Ke2 Rf8 38. Nxd4 Rd8 39.
Be4+ Kxg5 40. Nf5 Kg4 41. d4 Re8 42. Ke3 Re6 43. Nd6 f6 44. Bf5+ Kxg3 45. Bxe6 fxe5 46.
dxe5 h4 47. Nf5+ Kg2 48. Nxh4+ Kg3 49. Bf5 Kxh4 50. e6 Kg5 51. e7 Kxf5 52. e8=Q Kf6 53. Qb5 Kg7 54. Qxb6 Kf7 55. Qxa5 Ke7 56. Qb6 Kd7 57. a5 1-0

[Event "*** SCC Grand Prix: Titled Tuesday Blitz"]
[Site "Chess.com"]
[Date "2020.07.21"]
[Round "4"]
[White "AGW2016"]
[Black "Brave_spirit12"]
[Result "0-1"]
[WhiteElo "2246"]
[BlackElo "2510"]
[TimeControl "180+1"]
[EndTime "10:39:09 PDT"]
[Termination "Brave_spirit12 won by resignation"]

1. d4 Nf6 2. c4 c5 3. d5 e5 4. Nc3 d6 5. e4 Be7 6. Nf3 O-O 7. g3 Bg4 8. Bg2 a6 9. a4 Ne8 10. O-O Bxf3 11. Bxf3 Bg5 12. h4 Bxc1 13. Qxc1 f5 14. exf5 Rxf5 15. Bg4 Rf8 16. Ne4 Nf6 17. Be6+ Kh8 18.
Qe3 Nxe4 19. Qxe4 a5 20. f4 exf4 21. Rxf4 Rxf4 22. Qxf4 Na6 23. Rf1 Nb4 24. Qf7 b6 25. h5 h6 26. Qg6 Qg5 27. Qxg5 hxg5 28. Rf7 Nd3 29. b3 Rb8 30. Kf1 Ne5 31. Rf5 Kh7 32. Rxg5 Rf8+ 33. Rf5 Rxf5+ 34. Bxf5+ Kh6 35. Bg6 Nxg6 36.
hxg6 Kxg6 37. Kf2 Kg5 38. Kf3 Kf5 39. Kf2 Ke4 40. Ke2 g5 41. Kf2 Kd3 42. Kf3 Kc3 43. Kg4 Kxb3 44. Kxg5 Kxa4 45. Kf5 Kb4 46. g4 a4 47. g5 a3 48. g6 a2 49. g7 a1=Q 50.
g8=Q Qe5+ 51. Kg4 Kxc4 52. Qb8 Qxd5 53. Qxb6 Qd4+ 54. Kf5 d5 55. Qa6+ Kc3 56. Qa1+ Kd2 57. Qa2+ Ke3 58. Qa8 c4 59. Qa3+ Qd3+ 0-1

[Event "*** SCC Grand Prix: Titled Tuesday Blitz"]
[Site "Chess.com"]
[Date "2020.07.21"]
[Round "4"]
[White "icychess54"]
[Black "Kavyev_Ruslan"]
[Result "1/2-1/2"]
[WhiteElo "2275"]
[BlackElo "2426"]
[TimeControl "180+1"]
[EndTime "10:39:11 PDT"]
[Termination "Game drawn - insufficient material"]

1. c4 Nf6 2. Nf3 g6 3. Nc3 d5 4.
e3 Bg7 5. b3 O-O 6. Bb2 c5 7.
cxd5 Nxd5 8. Be2 Nc6 9. O-O Ndb4 10. d3 Bf5 11. e4 Bg4 12. Ne1 Bxe2 13. Qxe2 Nd4 14.
Qd2 e6 15. Nd1 Qd7 16. Ne3 Rfd8 17. Bxd4 Qxd4 18. Rc1 b6 19. N3c2 Nxc2 20. Qxc2 Rd7 21. Rd1 Rad8 22. Nf3 Qb4 23. Rfe1 Qb5 24. Re3 a5 25. h4 h5 26. a4 Qb4 27. Qc4 Bh6 28. Qxb4 axb4 29. Ng5 Kf8 30. Rf3 Ke8 31. Kf1 Bxg5 32.
hxg5 Ra7 33. Ke2 Ke7 34. Rc1 Rc8 35. d4 Rd7 36. dxc5 bxc5 37. Rc4 Rc6 38. Rd3 Rxd3 39. Kxd3 Kd6 40. Ke3 e5 41. g3 Kc7 42. Rc1 Kb6 43.
Rd1 c4 44. bxc4 Rxc4 45. Rd5 b3 46. Rb5+ Kc6 47. Rxb3 Rxa4 48. Rc3+ Kd6 49. Rb3 Ra6 50. Rb7 Ke6 51. Kf3 Ra3+ 52. Kg2 Ra4 53. Rb6+ Ke7 54. Rb7+ Kf8 55. Kf3 Ra3+ 56. Kg2 Ra4 57. Kf3 Ra5 58. Rc7 Rb5 59. Ra7 Kg7 60. Rd7 Kf8 61. Rd5 Rxd5 62. exd5 Ke7 63. Ke3 f6 64. gxf6+ Kxf6 65. Ke4 g5 66. d6 h4 67. gxh4 gxh4 68. Kf3 Ke6 69. Kg4 Kxd6 70. Kxh4 Kd5 71. Kg3 Ke4 72. Kg2 Kf4 73.
Kf1 Kf3 74. Ke1 Kg2 75. Ke2 Kg1 76. Ke3 Kf1 77. Ke4 Kxf2 78. Kxe5 1/2-1/2

[Event "*** SCC Grand Prix: Titled Tuesday Blitz"]
[Site "Chess.com"]
[Date "2020.07.21"]
[Round "4"]
[White "Korchmar_Vasiliy"]
[Black "Chesswizard_2007"]
[Result "1-0"]
[WhiteElo "2632"]
[BlackElo "2459"]
[TimeControl "180+1"]
[EndTime "10:39:12 PDT"]
[Termination "Korchmar_Vasiliy won by checkmate"]

1. d4 Nf6 2. Nf3 g6 3. Bg5 Bg7 4. Nbd2 d5 5. e3 O-O 6. Be2 c5 7. c3 Nc6 8. dxc5 h6 9. Bh4 e5 10. O-O Qc7 11. b4 Be6 12. Bg3 Nh5 13. Nb3 Nxg3 14.
hxg3 Rad8 15. Rc1 f5 16. a4 g5 17. Qc2 f4 18. exf4 gxf4 19. gxf4 Rxf4 20. Qg6 Bf5 21. Qg3 Rg4 22. Qh2 Be4 23. Nbd2 Bh7 24. Nd4 Rxd4 25. cxd4 Nxd4 26. Bg4 Qf7 27. b5 Bf5 28. Bxf5 Ne2+ 29. Kh1 Nxc1 30. Qh3 Qe7 31. Rxc1 e4 32. c6 bxc6 33.
bxc6 Qc7 34. Qg4 Rd6 35. Bd7 Kf8 36. Qf5+ Ke7 37. Nf1 Rf6 38. Qxd5 Rf4 39. Ng3 e3 40. Nf5+ Kf8 41. fxe3 Rg4 42. Qd6+ Qxd6 43. Nxd6 Rh4+ 44. Kg1 Bd4 45. exd4 Rh1+ 46. Kxh1 Ke7 47. c7 Kf6 48. c8=Q Kg7 49. Qe8 Kf6 50. Rf1+ Kg5 51. Rf5+ Kh4 52. Qh5+ Kg3 53. Rf3# 1-0

[Event "*** SCC Grand Prix: Titled Tuesday Blitz"]
[Site "Chess.com"]
[Date "2020.07.21"]
[Round "4"]
[White "Paladin61"]
[Black "NormWeinstein"]
[Result "1-0"]
[WhiteElo "2624"]
[BlackElo "2455"]
[TimeControl "180+1"]
[EndTime "10:39:12 PDT"]
[Termination "Paladin61 won on time"]

1. b3 Nf6 2. Bb2 g6 3. Bxf6 exf6 4. c4 d5 5. cxd5 Qxd5 6. Nc3 Qd8 7. g3 Bg7 8. Bg2 O-O 9. e3 c5 10. Nge2 Nc6 11. O-O Bd7 12. Rc1 Rc8 13. Nf4 f5 14. Qe2 b6 15. Rfd1 Qe7 16. Qa6 Qd6 17. a3 Rfd8 18.
Nb5 Qb8 19. h4 Be8 20. Nd5 Kh8 21. b4 cxb4 22. axb4 Ne5 23. d4 Rxc1 24. Rxc1 Nd3 25. Rb1 Bf8 26. Nbc7 Nxb4 27. Rxb4 Bxb4 28. Nxe8 Bf8 29.
Nec7 Rc8 30. Nb5 Rc1+ 31. Kh2 Rc2 32. Kg1 Rc1+ 33. Bf1 Qe8 34. Nf4 Qc6 35. Nxa7 Qc2 36.
Qe2 Qb1 37. Nb5 Rc2 38. Qd3 Qb2 39. d5 Rxf2 40. Qd4+ Bg7 41. Qxb2 Rxb2 42. d6 1-0

[Event "*** SCC Grand Prix: Titled Tuesday Blitz"]
[Site "Chess.com"]
[Date "2020.07.21"]
[Round "4"]
[White "Rud_Makarian"]
[Black "pooh2012"]
[Result "0-1"]
[WhiteElo "2596"]
[BlackElo "2434"]
[TimeControl "180+1"]
[EndTime "10:39:13 PDT"]
[Termination "pooh2012 won by checkmate"]

1. e4 c6 2. Nc3 d5 3. d4 dxe4 4.
Nxe4 Nd7 5. Nf3 Ngf6 6. Bd3 Nxe4 7. Bxe4 Nf6 8. Bd3 Bg4 9. c3 e6 10. h3 Bh5 11. Bg5 Qd5 12. Be3 Bxf3 13. Qxf3 Qxf3 14. gxf3 Bd6 15. Ke2 Ke7 16. Rhg1 g6 17. Bg5 h6 18.
Be3 Nd5 19. a4 Nf4+ 20. Bxf4 Bxf4 21. a5 a6 22. b4 Rad8 23. Rgd1 Rd5 24. Be4 Rh5 25.
Rh1 Rd8 26. Rad1 Rh4 27. c4 f5 28. Bc2 Bd6 29. c5 Bc7 30. Ke3 Bf4+ 31. Ke2 Bg5 32. Rd3 Rdxd4 33. Rxd4 Rxd4 34. Rb1 Bd2 35. Bd3 Bxb4 36.
Ke3 e5 37. Ke2 Kf6 38. Rb3 g5 39. Rb1 f4 40. Be4 Ke7 41. Kf1 Kd8 42. Kg2 Kc7 43. h4 Bxc5 44. Rh1 Be7 45. hxg5 Bxg5 46. Rb1 Ra4 47.
Kh3 Rxa5 48. Kg4 Rc5 49. Kf5 a5 50. Ke6 a4 51. Ra1 b5 52. Ra2 Rc3 53. Kxe5 Kb6 54. Kd4 Bf6# 0-1

[Event "*** SCC Grand Prix: Titled Tuesday Blitz"]
[Site "Chess.com"]
[Date "2020.07.21"]
[Round "4"]
[White "crescentmoon2411"]
[Black "antoszu"]
[Result "0-1"]
[WhiteElo "2806"]
[BlackElo "2541"]
[TimeControl "180+1"]
[EndTime "10:39:14 PDT"]
[Termination "antoszu won on time"]

1. d4 Nf6 2. Nf3 e6 3. Bf4 c5 4.
e3 d5 5. c3 Nc6 6. Nbd2 cxd4 7. exd4 Nh5 8. Be3 g6 9. Bd3 Ng7 10. O-O Bd6 11. c4 dxc4 12. Nxc4 Bc7 13. Be4 O-O 14. d5 exd5 15. Qxd5 Be6 16. Qxd8 Rfxd8 17. Rac1 Bd5 18. Bxd5 Rxd5 19. Rfd1 Rad8 20. Rxd5 Rxd5 21. Ncd2 Nf5 22. Bg5 Bd8 23. h4 Kg7 24. Ne4 f6 25. Bd2 Ncd4 26. Nxd4 Nxd4 27. Kf1 f5 28. Ng5 h6 29.
Nh3 Ne6 30. Bc3+ Bf6 31. g3 g5 32. Re1 Kf7 33. Bxf6 Kxf6 34. Re2 g4 35. Ng1 Rd1+ 36. Kg2 Nd4 37. Re8 Rd2 38. Rd8 Nf3 39. Rxd2 Nxd2 40. Ne2 Ke5 41. Nc3 a6 42. f4+ Kd4 43. Kf2 Kd3 44. Nd5 Ne4+ 45. Kg2 Kc2 46. Ne3+ Kxb2 47. Nxf5 h5 48. a4 b5 49. axb5 axb5 50. Nd4 b4 51.
f5 Kc3 52. Ne2+ Kc4 0-1

[Event "*** SCC Grand Prix: Titled Tuesday Blitz"]
[Site "Chess.com"]
[Date "2020.07.21"]
[Round "4"]
[White "BocharovD"]
[Black "Batsai"]
[Result "1-0"]
[WhiteElo "2737"]
[BlackElo "2360"]
[TimeControl "180+1"]
[EndTime "10:39:14 PDT"]
[Termination "BocharovD won by resignation"]

1. e4 d5 2. exd5 Qxd5 3. Nc3 Qa5 4. d4 c6 5. Nf3 Nf6 6. Bd2 Bf5 7. Bc4 e6 8. Nd5 Qd8 9. Nxf6+ gxf6 10. Bb3 Nd7 11.
Qe2 h5 12. Nh4 Bg4 13. f3 f5 14. g3 Bh3 15. O-O-O Be7 16. Bxe6 fxe6 17. Ng6 Rg8 18.
Qxe6 Nf6 19. Nf4 Bg4 20. Rhe1 Bxf3 21. Qxf6 Bxd1 22. Kxd1 Qd7 23. Bb4 O-O-O 24. Rxe7 Qxd4+ 25. Qxd4 Rxd4+ 26. Bd2 h4 27. Ne6 hxg3 28. hxg3 Rd5 29.
c4 Rd7 30. Rxd7 Kxd7 31. Nc5+ Kc8 32. Bf4 b6 33. Ne6 Re8 34. Ng7 Rf8 35. Ne6 Re8 36.
Ng5 Kd7 37. Kd2 Rh8 38. Nf3 Rh1 39. Nd4 c5 40. Nxf5 Ra1 41. a3 Ke6 42. Ne3 Rh1 43.
Bb8 a6 44. Ba7 Rh2+ 45. Kc3 b5 46. Bxc5 Rh3 47. cxb5 axb5 48. g4 Ke5 49. Kb4 Ke4 50. Kxb5 Rh2 51. b4 Ra2 52. a4 Rd2 53. a5 Rd5 54. a6 Ke5 55. a7 Rd8 56. Kc6 Rc8+ 57. Kb7 Rb8+ 58. axb8=Q+ Ke4 59. Qe8+ Kd3 60. Qg6+ Ke2 1-0